 Dungeon Crawl Stone Soup version 0.24-a0-235-g3f03afc (webtiles) character file.

Game seed: 4641103162223388058

20 Partyfoot the Charlatan (level 2, 0/22 HPs)
             Began as a Demonspawn Artificer on Apr 7, 2019.
             Slain by a quasit (1 damage)
             ... on level 2 of the Dungeon.
             The game lasted 00:05:10 (874 turns).

Partyfoot the Charlatan (Demonspawn Artificer)       Turns: 874, Time: 00:05:10

Health: 0/22       AC:  4    Str: 12      XL:     2   Next: 58%
Magic:  4/4        EV: 13    Int: 12      God:
Gold:   34         SH:  0    Dex:  9 (13) Spells: 1/1 levels left

rFire    . . .     SeeInvis .   a - +0 short sword
rCold    . . .     Gourm    .   (no shield)
rNeg     . . .     Faith    .   b - +0 leather armour
rPois    .         Spirit   .   (no helmet)
rElec    .         Reflect  .   (no cloak)
rCorr    .         Harm     .   (no gloves)
MR       .....                  k - +0 pair of boots
Stlth    +.........             (no amulet)
HPRegen  0.07/turn              (no ring)
MPRegen  0.09/turn              (no ring)

@: no status effects
A: repulsion field 1
a: no special abilities


You were on level 2 of the Dungeon.
You were not hungry.

You visited 1 branch of the dungeon, and saw 2 of its levels.

You collected 34 gold pieces.

Inventory:

Hand Weapons
 a - a +0 short sword (weapon)
Armour
 b - a +0 leather armour (worn)
 k - a +0 pair of boots (worn)
Wands
 c - a wand of flame (8)
 d - a wand of enslavement (14)
 e - a wand of random effects (15)
Scrolls
 h - 2 scrolls of enchant armour {unknown}
 i - a scroll of remove curse {unknown}
 l - a scroll of identify {unknown}
Potions
 g - a potion of haste {unknown}
 j - a potion of flight {unknown}
 m - a potion of magic {unknown}
Comestibles
 f - 3 rations
 n - 2 chunks of flesh


   Skills:
 + Level 1.8 Fighting
 - Level 1.0 Short Blades
 - Level 1.8 Dodging
 - Level 1.0 Stealth
 + Level 3.4 Evocations


You had one spell level left.
You didn't know any spells.
Your spell library was empty.

Dungeon Overview and Level Annotations

Branches:
Dungeon (2/15)

Altars:


Innate Abilities, Weirdness & Mutations

You are surrounded by a mild repulsion field. (EV +2)


Message History

The quasit claws you.
* * * LOW HITPOINT WARNING * * *
You feel clumsy.
Evoke which item? (* to show all) (? for menu, Esc to quit)
Aiming: Throw Flame
Press: ? - help, Shift-Dir - straight line, f/p - quasit
Aim: a quasit (almost dead)
The puff of flame misses the quasit.
The quasit closely misses you. The quasit barely misses you.
The quasit claws you but does no damage.
Evoke which item? (* to show all) (? for menu, Esc to quit)
Aiming: Throw Flame
Press: ? - help, Shift-Dir - straight line, f/p - quasit
Aim: a quasit (almost dead)
The puff of flame misses the quasit.
The quasit closely misses you.
The quasit claws you but does no damage. x2
The quasit closely misses you.
The quasit claws you but does no damage.
The quasit claws you.
You die...

# .# # #.### #.#.#
#....###....#
#########.#.#.####
#.@5†..............
#<#######...#.#.#.)
#........÷..#.#
#..######...# #
#..# ##### #..#
##.# .# .#


You could see a quasit.

Vanquished Creatures
  A leopard gecko (D:1)
  3 bats
  5 hobgoblins (D:1)
  A ball python (D:2)
  A frilled lizard (D:1)
  3 goblins (D:1)
  2 kobolds (D:1)
  A rat (D:1)
17 creatures vanquished.

Vanquished Creatures (collateral kills)
  A hobgoblin (D:2)
  A rat (D:2)
2 creatures vanquished.

Grand Total: 19 creatures vanquished

Notes
Turn   | Place    | Note
-------+----------+-------------------------------------------
     0 | D:1      | Partyfoot the Demonspawn Artificer began the quest for the
                  | Orb.
     0 | D:1      | Reached XP level 1. HP: 15/15 MP: 3/3
    71 | D:1      | Reached skill level 1 in Short Blades
    71 | D:1      | Reached skill level 1 in Stealth
   328 | D:1      | Gained mutation: You are surrounded by a mild repulsion
                  | field. (EV +2) [demonic ancestry]
   328 | D:1      | Reached XP level 2. HP: 10/21 MP: 4/4
   872 | D:2      | HP: 1/22 [quasit (1)]
   874 | D:2      | Slain by a quasit

Levels and vault maps discovered:
D:1:      dpeg_arrival_tiny_h, layout_loops_ring
D:2:      layout_loops_ring, uniq_jessica, uniq_crazy_yiuf_cottage

Skill      XL: |  1 |
---------------+----+-----
Short Blades   | 1 |  1.0
Stealth        | 1 |  1.0
Fighting       | |  1.8
Dodging        | |  1.8
Evocations     | |  3.4

Action                   || total
-------------------------++-------
Melee: Short sword       ||    73
Evoke: Wand              ||     8
Armor: Leather armour    ||    61
Dodge: Dodged            ||    90

Table legend:
 A = Non-vault XP
 B = Vault XP
 C = Vault XP percentage of total XP
 D = Non-vault monster count
 E = Vault monster count
 F = Vault count percentage of total count
                 A         B        C        D         E       F
            +---------+---------+-------+---------+---------+-------
      Total |      29 |       0 |   0.0 |      19 |       0 |   0.0
            +---------+---------+-------+---------+---------+-------
        D:1 |      25 |       0 |   0.0 |      15 |       0 |   0.0
        D:2 |       4 |       0 |   0.0 |       4 |       0 |   0.0
            +---------+---------+-------+---------+---------+-------
